 Dungeon Crawl Stone Soup version 0.32-a0-818-gb728d0252e (webtiles) character file.

Game seed: 10146531582765017110

3155 Ruich the Covert (level 9, 0/52 HPs)
             Began as a Vampire Brigand on Mar 23, 2024.
             Was a Believer of Yredelemnul.
             Hit by a boomerang thrown by a red devil (16 damage)
             ... on level 8 of the Dungeon.
             The game lasted 00:36:17 (8120 turns).

Ruich the Covert (Vampire Brigand)                  Turns: 8120, Time: 00:36:17

Health: 0/52       AC:  0    Str:  8 (10) XL:     9   Next: 62%
Magic:  11/13      EV: 23    Int: 11 (13) God:    Yredelemnul [**....]
Gold:   298        SH:  5    Dex: 23 (25) Spells: 6/14 levels left

rFire   . . .        w - melded +0 rapier
rCold   + + .        (shield currently unavailable)
rNeg    + + +        v - melded +2 scale mail {rF+}
rPois   ∞            g - melded +0 helmet
rElec   .            o - melded scarf {repulsion}
rCorr   .            A - melded +2 pair of gloves {hurl}
SInv    +            f - melded +0 pair of boots
Will    .....        l - amulet of reflection
Stlth   ++++++++     k - melded ring of resist corrosion
HPRegen 0.00/turn    s - melded +6 ring of intelligence
MPRegen 0.13/turn

%: reflection
@: bat-form, spiked, flying, bloodless, inhibited regen, wreathed by umbra, very
quick
A: fast, flying, no casting, tiny, bloodless, fangs 3, see invisible, vampiric 2
a: Revivify, End Transformation, Renounce Religion, Light the Black Torch,
Recall Undead Harvest, Hurl Torchlight


You were on level 8 of the Dungeon.
You worshipped Yredelemnul.
Yredelemnul was noncommittal.
You were a vampire bat.
You visited 1 branch of the dungeon, and saw 8 of its levels.

You collected 298 gold pieces.


Innate Abilities, Weirdness & Mutations

You are a vampire bat.
You are tiny and dextrous.
You move quickly.
You are flying.
You are immune to poison.
Your equipment is almost entirely melded.
You are incapable of wielding weapons or throwing items.
You cannot cast spells.
You do not regenerate when monsters are visible.
You are frail without blood (-20% HP).
You can heal yourself when you bite living creatures.
You are immune to poison.
You have razor-sharp teeth.
You have supernaturally acute eyesight. (SInv)
You are afflicted with vampirism and can become a bat while bloodless.


   Skills:
 + Level 4.6 Fighting
 + Level 7.8 Short Blades
 - Level 1.5 Throwing
 + Level 5.3 Dodging
 - Level 10.0 Stealth
 - Level 3.1 Spellcasting
 + Level 4.4 Hexes
 - Level 6.7 Necromancy


You had 6 spell levels left.
You knew the following spells:

 Your Spells              Type           Power      Damage    Failure   Level
a - Animate Dead          Necr           16%        N/A       17%         4
j - Jinxbite              Hex            22%        N/A       6%          2
B - Blink                 Tloc           2%         N/A       36%         2

Your spell library contained the following spells:

 Spells                   Type           Power      Damage    Failure   Level
 Sigil of Binding         Hex            11%        N/A       13%         3
 Cigotuvi's Dreadful Rot  Necr/Alch/Air  12%        N/A       16%         2
 Dispel Undead            Necr           16%        3d10      17%         4
 Freeze                   Ice            4%         1d3       26%         1
 Magic Dart               Conj           4%         1d3       26%         1
 Call Imp                 Summ           2%         N/A       36%         2
 Searing Ray              Conj           2%         2d4       36%         2
 Curse of Agony           Necr           16%        N/A       43%         5
 Martyr's Knell           Necr/Summ      9%         N/A       54%         4
 Frozen Ramparts          Ice            2%         1d1       61%         3
 Hailstorm                Conj/Ice       1%         3d5       61%         3
 Stone Arrow              Conj/Erth      2%         3d7       61%         3
 Animate Armour           Summ/Erth      2%         N/A       95%         4
 Fulminant Prism          Conj/Alch      0%         3d5       95%         4
 Summon Lightning Spire   Summ/Air       1%         N/A       95%         4
 Yara's Violent Unravell  Hex/Alch       3%         3d4       96%         5
 Lee's Rapid Deconstruct  Erth           0%         3d4*      100%        5
 Sculpt Simulacrum        Ice/Alch       0%         N/A       100%        6
 Enfeeble                 Hex            5%         N/A       100%        7
 Haunt                    Necr/Summ      4%         N/A       100%        7
 Ozocubu's Refrigeration  Ice            0%         4d7       100%        7
 Infestation              Necr           8%         N/A       100%        8
 Lehudib's Crystal Spear  Conj/Erth      0%         10d2      100%        8
 Polar Vortex             Ice            0%         N/A       100%        9
 Death Channel            Necr           Unusable   N/A       N/A         6
 Borgnjor's Revivificati  Necr           Unusable   N/A       N/A         8

Inventory:

Hand Weapons
 a - a +2 dagger
 w - a +0 rapier (melded)
 D - a +0 long sword
Missiles
 d - 16 poisoned darts
 m - 6 boomerangs
 t - 5 curare-tipped darts (quivered) {=f}
Armour
 f - a +0 pair of boots (melded)
 g - a +0 helmet (melded)
 o - a scarf of repulsion (melded)
 v - a +2 scale mail of fire resistance (melded)
 A - a +2 pair of gloves of hurling (melded)
 J - the +2 ring mail "Luommuma" {Harm rC+ Will+ Dex+3}
   (You found it on level 8 of the Dungeon)

   Dex+3:     It affects your dexterity (+3).
   rC+:       It protects you from cold.
   Will+:     It increases your willpower.
   Harm:      It increases damage dealt and taken.
Jewellery
 k - a ring of resist corrosion (melded)
 l - an amulet of reflection (around neck)
 s - a +6 ring of intelligence (melded)
 u - an amulet of regeneration
 G - an amulet of faith {!P}
Talismans
 e - a maw talisman
Wands
 F - a wand of polymorph (11)
Scrolls
 b - a scroll of acquirement {unknown}
 h - a scroll of vulnerability {unknown}
 x - a scroll of revelation {unknown}
 C - a scroll of fear
 E - a scroll of enchant armour {unknown}
 H - a scroll of immolation {unknown}
 I - 3 scrolls of teleportation {unknown}
 L - a scroll of identify {@r1}
Potions
 c - 2 potions of might {unknown}
 i - 5 potions of attraction
 j - 3 potions of lignification
 n - a potion of resistance
 p - 2 potions of mutation
 q - 3 potions of heal wounds {@q2}
 r - 3 potions of cancellation {unknown}
 z - 5 potions of curing {@q1}
 B - 2 potions of enlightenment {unknown}
 K - a potion of berserk rage {unknown}

Dungeon Overview and Level Annotations

Branches:
Dungeon (8/15) Zot: 26467  Temple (0/1) D:6
   Lair: D:8-11

Altars:
Dithmenos
Okawaru
Sif Muna
Uskayaw
Yredelemnul

Shops:
D:4 ?

Annotations:
D:2 Terence
D:3 1 runed translucent door

.# #........)... .#
#............ ....#
#####[........... ....#
#....######....#####....#
#....# ....#...#....# #....#
....#...#....#. #....#
#####...#......
#....#######...#....#####..#
#....#....#.....b.)........#
.....#....#.....≈≈.#4#.§≈..
.....+.....#..#.≈..#4# .≈..
....Z#'###.####...##.# ..
...Z.ZZ....# #.###.o.
.####......# #.. $.4
.#..#......# ..# #.$.#
Z#..#......# .#.. ##.##
.#..#......##.#.≈ #.#


You could see a red devil.


Message History

Use which ability? (? or * to list)
You fail to use your ability.
The red devil completely misses you.
Unknown command.
Unknown command.
Use which ability? (? or * to list)
You fail to use your ability.
Barbed spikes become lodged in your body.
Unknown command.
Use which ability? (? or * to list)
You turn into a vampire bat.
Your +0 rapier melds into your body.
Your scarf of repulsion melds into your body.
Your +0 helmet melds into your body.
Your +2 pair of gloves of hurling melds into your body.
Your +0 pair of boots melds into your body.
Your +2 scale mail of fire resistance melds into your body.
Your ring of resist corrosion melds into your body.
Your +6 ring of intelligence melds into your body.
The haze of the repulsion field disappears.
Your aim is not that steady anymore.
You feel less resistant to fire.
You feel stupid.
You feel weakened.
You feel dopey.
You feel clumsy.
The red devil throws a boomerang.
The boomerang misses you.
The barbed spikes dig painfully into your body as you move.
* * * LOW HITPOINT WARNING * * *
Unknown command.
The barbed spikes dig painfully into your body as you move.
* * * LOW HITPOINT WARNING * * *
The red devil throws a boomerang.
You die...
You join the legions of the undead harvest.

Skill      XL: |  1  2  3  4  5  6  7  8  9 |
---------------+----------------------------+-----
Stealth        | 6 7 8 9 10 | 10.0
Short Blades   | 3 4 5 7 |  7.8
Necromancy     | 4 6 |  6.7
Spellcasting   | 3 |  3.1
Dodging        | 4 5 |  5.3
Fighting       | 3 4 |  4.6
Hexes          | 4 |  4.4
Throwing       | |  1.5

Action                     |  1- 3 |  4- 6 |  7- 9 || total
---------------------------+-------+-------+-------++-------
  Melee: Dagger            |    73 |   171 |    59 ||   303
         Bite              |     5 |    15 |    44 ||    64
         Long sword        |       |       |    46 ||    46
         Rapier            |       |       |   178 ||   178
  Throw: Dart              |       |     8 |    14 ||    22
 Invoke: Light the Black T |       |       |     4 ||     4
Ability: Exsanguinate      |     1 |       |       ||     1
         Bat Form          |       |     1 |     1 ||     2
         End Transformatio |       |     1 |       ||     1
  Evoke: Wand              |       |     4 |     7 ||    11
    Use: Scroll            |       |    10 |       ||    10
   Stab: Sleeping          |    11 |    19 |    12 ||    42
         Distracted        |       |     1 |     5 ||     6
         Paralysed         |       |     1 |     2 ||     3
 Armour: Robe              |    22 |       |    48 ||    70
         Leather armour    |    19 |    10 |       ||    29
         Ring mail         |       |    43 |    49 ||    92
         Scale mail        |       |       |    79 ||    79
         Skin              |       |       |     1 ||     1
  Dodge: Dodged            |    30 |    45 |   147 ||   222
         Repelled          |       |     1 |     4 ||     5
  Block: Other             |     4 |    18 |    53 ||    75

Levels and vault maps discovered:
D:1:      saegor_arrival_simple_e, layout_basic,
          shapermc_ecumenical_altar_notcrosses, minivault_23
D:2:      layout_loops_cross, uniq_terence
D:3:      layout_basic, nicolae_overflow_guarded_unrand_okawaru_victory
D:4:      layout_rooms, serial_shops, nicolae_take_the_stairs, serial_library,
          serial_library_hellmonk_narrow_alcove,
          serial_library_hellmonk_long_bookcase,
          serial_library_hellmonk_metal_room, serial_library_hellmonk_room_c,
          serial_library_regret_index_small_wings,
          serial_library_hellmonk_double_dead_end,
          serial_library_hellmonk_octagon
D:5:      layout_loops_ring, nicolae_sif_muna_little_library,
          mainiacjoe_overflow_boulevard, serial_undead, serial_undead_b,
          serial_undead_c, serial_undead_e, serial_undead_a, serial_undead_a,
          serial_undead_f
D:6:      layout_rooms, temple_pool_b
D:7:      layout_basic, nicolae_uskayaw_murder_on_the_dancefloor
D:8:      layout_gridville, grunt_dithmenos_smoke, zin_statuary,
          einodemon_armed_red_devil_minivault

Notes
Turn   | Place    | Note
-------+----------+-------------------------------------------
     0 | D:1      | Ruich the Vampire Brigand began the quest for the Orb.
     0 | D:1      | Reached XP level 1. HP: 16/16 MP: 1/1
    67 | D:1      | Found a faded altar of an unknown god.
   148 | D:1      | Reached skill level 6 in Stealth
   191 | D:1      | Reached XP level 2. HP: 22/22 MP: 2/2
   227 | D:1      | Reached skill level 3 in Short Blades
   760 | D:2      | Gained mutation: You are afflicted with vampirism and can
                  | become a bat while bloodless. [Vampire growth]
   760 | D:2      | Reached XP level 3. HP: 27/27 MP: 3/3
  1469 | D:2      | Reached skill level 4 in Short Blades
  1493 | D:2      | Reached XP level 4. HP: 22/26 MP: 4/4
  1706 | D:2      | Reached skill level 7 in Stealth
  1833 | D:2      | Noticed Terence
  2557 | D:3      | Found an iron altar of Okawaru.
  2559 | D:3      | Found a runed translucent door.
  2563 | D:3      | Noticed an ogre
  2563 | D:3      | Noticed a gnoll sergeant
  2563 | D:3      | Found the +0 toga "Victory" {*Victory Clar}
  2564 | D:3      | Noticed an ogre
  2583 | D:3      | Reached XP level 5. HP: 30/30 MP: 5/5
  2635 | D:3      | Reached skill level 5 in Short Blades
  2886 | D:4      | Found Plog's Magic Scroll Shoppe.
  3112 | D:4      | Identified a potion of resistance
  3234 | D:4      | Got Putoten's Folio of Iniquitous Liturgies
  3780 | D:4      | Reached skill level 8 in Stealth
  3780 | D:4      | Reached XP level 6. HP: 30/35 MP: 6/6
  3823 | D:4      | Learned a level 4 spell: Animate Dead
  3976 | D:4      | Reached skill level 1 in Necromancy
  4211 | D:5      | Entered Level 5 of the Dungeon
  4220 | D:5      | Reached skill level 2 in Necromancy
  4390 | D:5      | Reached skill level 3 in Necromancy
  4505 | D:5      | Reached skill level 4 in Necromancy
  4505 | D:5      | Reached XP level 7. HP: 39/39 MP: 6/8
  4543 | D:5      | Reached skill level 1 in Spellcasting
  4775 | D:5      | Reached skill level 5 in Necromancy
  4847 | D:5      | Reached skill level 2 in Spellcasting
  5029 | D:5      | Reached skill level 6 in Necromancy
  5075 | D:5      | Found a shimmering blue altar of Sif Muna.
  5241 | D:5      | Found a basalt altar of Yredelemnul.
  5248 | D:5      | Became a worshipper of Yredelemnul the Fallen
  5439 | D:5      | Reached skill level 3 in Spellcasting
  5439 | D:5      | Reached XP level 8. HP: 38/44 MP: 12/12
  5709 | D:6      | Reached skill level 2 in Dodging
  5719 | D:6      | Reached skill level 2 in Fighting
  5719 | D:6      | Reached skill level 6 in Short Blades
  5871 | D:6      | Found a staircase to the Ecumenical Temple.
  5935 | D:6      | Reached skill level 3 in Dodging
  5937 | D:6      | Reached * piety under Yredelemnul
  5984 | D:6      | Reached skill level 9 in Stealth
  6090 | D:6      | Reached skill level 3 in Fighting
  6409 | D:6      | Reached skill level 7 in Short Blades
  6409 | D:6      | Reached skill level 4 in Dodging
  6409 | D:6      | Reached XP level 9. HP: 8/51 MP: 13/13
  6869 | D:6      | Learned a level 2 spell: Blink
  6872 | D:6      | Learned a level 2 spell: Jinxbite
  6884 | D:7      | Found a hide-covered altar of Uskayaw.
  6984 | D:7      | Reached skill level 1 in Hexes
  7075 | D:7      | Reached skill level 10 in Stealth
  7087 | D:7      | Reached skill level 2 in Hexes
  7095 | D:7      | Reached skill level 4 in Fighting
  7337 | D:7      | Reached skill level 3 in Hexes
  7635 | D:8      | Reached skill level 5 in Dodging
  7643 | D:8      | Reached skill level 4 in Hexes
  7672 | D:8      | Identified the +2 ring mail "Luommuma" {Harm rC+ Will+
                  | Dex+3}
  7894 | D:8      | Reached ** piety under Yredelemnul
  8086 | D:8      | Found a shadowy altar of Dithmenos.
  8104 | D:8      | Noticed a red devil
  8105 | D:8      | Noticed a red devil
  8105 | D:8      | Noticed a red devil
  8120 | D:8      | Hit by a boomerang thrown by a red devil

Vanquished Creatures
  3 water moccasins
  3 black bears
  A sky beast (D:6)
  An ice beast (D:7)
  2 phantoms (D:5)
  A gnoll sergeant (D:6)
  2 bullfrogs
  2 scorpions
  2 water moccasin zombies (D:5)
  3 killer bees (D:8)
  2 bullfrog zombies (D:5)
  A hound (D:5)
  A bullfrog skeleton (D:5)
  2 bombardier beetles
  3 jellies
  A sleepcap (D:5)
  4 iguanas
  3 orc wizards
  A hound skeleton (D:5)
  A howler monkey zombie (D:5)
  9 gnolls
  9 adders
  2 howler monkey skeletons (D:5)
  5 shadow imps
  A white imp (D:4)
  5 ufetubi
  A ribbon worm (D:5)
  3 dart slugs
  15 orcs
  4 bats
  7 endoplasms
  3 giant cockroaches (D:2)
  4 goblins
  7 hobgoblins
  8 jackals
  4 kobolds
  3 quokkas
  6 ball pythons
  3 frilled lizards
  A rat (D:1)
139 creatures vanquished.

Vanquished Creatures (collateral kills)
  A steam dragon (D:7)
  A water moccasin (D:8)
  An ogre (D:6)
  A centaur (D:7)
  A kobold brigand (D:6)
  A water moccasin skeleton (D:5)
  2 killer bees (D:8)
  A bullfrog zombie (D:5)
  A hound (D:7)
  2 jellies (D:6)
  An orc priest (D:8)
  2 gnolls (D:6)
  A white imp (D:7)
  An ufetubus (D:7)
  5 orcs
  3 kobolds (D:6)
25 creatures vanquished.

Vanquished Creatures (others)
  A black bear zombie (D:6)
  3 killer bee zombies (D:8)
  A sky beast zombie (D:6)
  An adder zombie (D:6)
  An iguana zombie (D:6)
  2 jelly zombies
  A spectral white imp (D:7)
  A gnoll zombie (D:6)
  A dart slug zombie (D:5)
  6 orc zombies
  A spectral ufetubus (D:7)
19 creatures vanquished.

Grand Total: 183 creatures vanquished

Table legend: (Time is in decaauts)
 A = Elapsed time spent in this place.
 B = Non-inter-level travel time spent in this place.
 C = Inter-level travel time spent in this place.
 D = Time resting spent in this place.
 E = Time spent auto-exploring this place.
 F = Levels seen in this place.
 G = Mean time per level.
                   A        B        C        D        E       F      G
               +--------+--------+--------+--------+--------+-----+--------+
         Total |   7983 |   7714 |    269 |   2243 |   2904 |   8 |  997.9 |
       Dungeon |   7983 |   7714 |    269 |   2243 |   2904 |   8 |  997.9 |
               +--------+--------+--------+--------+--------+-----+--------+

Top non-repeatable levels by time:
     D:5: 1596 daAuts
     D:4: 1266 daAuts
     D:2: 1070 daAuts
     D:1: 1033 daAuts
     D:6: 1026 daAuts
     D:3: 755 daAuts
     D:7: 702 daAuts
     D:8: 531 daAuts

Table legend:
 A = Non-vault XP
 B = Vault XP
 C = Vault XP percentage of total XP
 D = Non-vault monster count
 E = Vault monster count
 F = Vault count percentage of total count
                 A         B        C        D         E       F
            +---------+---------+-------+---------+---------+-------
      Total |    3811 |     697 |  15.5 |     145 |      19 |  11.6
            +---------+---------+-------+---------+---------+-------
        D:1 |      35 |       0 |   0.0 |      21 |       0 |   0.0
        D:2 |      95 |       0 |   0.0 |      24 |       0 |   0.0
        D:3 |      90 |       0 |   0.0 |       8 |       0 |   0.0
        D:4 |     105 |     126 |  54.5 |      11 |       7 |  38.9
        D:5 |     595 |     571 |  49.0 |      21 |      12 |  36.4
        D:6 |    1293 |       0 |   0.0 |      34 |       0 |   0.0
        D:7 |    1026 |       0 |   0.0 |      13 |       0 |   0.0
        D:8 |     572 |       0 |   0.0 |      13 |       0 |   0.0
            +---------+---------+-------+---------+---------+-------
